 Dungeon Crawl Stone Soup version 0.31-a0-426-g3a05650e59 (webtiles) character file.

Game seed: 4761560162639243568

1481 LeprechaunX the Changeling (level 8, 0/54 HPs)
             Began as an Octopode Shapeshifter on July 31, 2023.
             Was an Initiate of Hepliaklqana.
             Slain by an iguana (11 damage)
             ... on level 5 of the Dungeon.
             The game lasted 00:07:18 (4807 turns).

LeprechaunX the Changeling (Octopode Shapeshifter)  Turns: 4807, Time: 00:07:19

Health: 0/54       AC:  1    Str: 19    XL:     8   Next: 79%
Magic:  8/8        EV: 14    Int: 10    God:    Hepliaklqana [......]
Gold:   246        SH:  0    Dex: 13    Spells: 5/7 levels left

rFire   . .          .
                       - Unarmed
rCold   + . .        (no shield)
rNeg    + . .        (helmet currently unavailable)
rPois   .            v - amulet of Xom's Fair Game {Acrobat Str+3}
rElec   .            e - ring of protection from cold
rCorr   .            k - ring of positive energy
SInv    .            (no ring)
Will    .....        (no ring)
Stlth   ++           (no ring)
HPRegen 0.29/turn    (no ring)
MPRegen 0.11/turn    (no ring)
                     (no ring)

%: acrobat
@: beast-form
A: beast (slay +4), almost no armour, amphibious, 8 rings, camouflage 1,
gelatinous body 1, (nimble swimmer 1), tentacles
a: Begin Untransformation, Renounce Religion


You were on level 5 of the Dungeon.
You worshipped Hepliaklqana.
Hepliaklqana was noncommittal.
You were a hulking beast.
You visited 2 branches of the dungeon, and saw 6 of its levels.
You also visited: Sewer.

You collected 246 gold pieces.

Inventory:

Hand Weapons
 r - a +0 sling
Missiles
 l - 4 silver javelins (quivered)
 u - a throwing net
Jewellery
 e - a ring of protection from cold (left tentacle)
 k - a ring of positive energy (right tentacle)
 v - the amulet of Xom's Fair Game (around mantle) {Acrobat Str+3}
   (You took it off a kobold on level 4 of the Dungeon)

   [amulet of the acrobat]

   It increases your evasion while moving and waiting.
   Str:       It affects your strength (+3).
 A - a ring of fire
Talismans
 b - a beast talisman (active)
Wands
 a - a wand of quicksilver (12)
Scrolls
 d - a scroll of poison {unknown}
 f - 2 scrolls of immolation {unknown}
 g - 3 scrolls of enchant weapon {unknown}
 h - a scroll of revelation {unknown}
 i - a scroll of amnesia {unknown}
 m - 5 scrolls of identify {unknown}
 n - 2 scrolls of fog {unknown}
 q - 3 scrolls of teleportation {unknown}
 x - a scroll of enchant armour {unknown}
 y - a scroll of blinking {unknown}
Potions
 c - 3 potions of curing
 j - a potion of ambrosia {unknown}
 o - a potion of resistance {unknown}
 p - a potion of magic {unknown}
 s - 3 potions of enlightenment
 t - a potion of heal wounds
 w - a potion of degeneration {unknown}
 z - a potion of cancellation {unknown}


   Skills:
 - Level 4.0 Fighting
 - Level 4.0 Dodging
 - Level 6.0 Unarmed Combat
 + Level 7.0 Shapeshifting


You had 5 spell levels left.
You knew the following spells:

 Your Spells              Type           Power      Damage    Failure   Level
a - Wereblood             Tmut           0%         N/A       50%         2

Your spell library contained the following spells:

 Spells                   Type           Power      Damage    Failure   Level
 Ensorcelled Hibernation  Hex/Ice        0%         N/A       50%         2
 Passwall                 Tmut/Erth      0%         N/A       50%         2
 Swiftness                Air            0%         N/A       75%         3
 Irradiate                Conj/Tmut      0%         3d11      100%        5


Dungeon Overview and Level Annotations

Branches:
Dungeon (5/15)             Temple (1/1) D:5           Sewer (visited)

Altars:
Cheibriados
Dithmenos
Fedhas
Hepliaklqana
Kikubaaqudgha
Nemelex Xobeh
Okawaru
Qazlal
Sif Muna
Trog
Uskayaw
Vehumet
Wu Jian
Xom
Yredelemnul
Zin
The Shining One

Shops:
D:1 :


Innate Abilities, Weirdness & Mutations

You are a hulking beast.
Your limbs bulge with bestial killing power. (Slay +4)
You cannot wear most types of armour.
You are amphibious.
You can wear up to eight rings at the same time.
Your skin changes colour to match your surroundings (Stealth+).
Your rubbery body absorbs attacks. (AC +1, EV +1)
((You are camouflaged when in or above water. (Stealth+)))
You have tentacles for arms and can constrict up to eight enemies at once.


Message History

a - a wand of quicksilver (12) (gained 5 charges)
You open the door.
There is an open door here.
You open the door.
There is an open door here.
You open the door.
An iguana and 4 gnolls come into view.
A gnoll is wielding a +0 whip.
The gnoll shouts!
The iguana hisses angrily.
The gnoll shouts!
The gnoll barely misses you.
There are monsters nearby!
There are monsters nearby!
You bludgeon the gnoll! Your grab misses the gnoll.
The gnoll is almost dead.
The gnoll hits you from afar with a +0 spear!
You tentacle-slap the gnoll. You grab the gnoll.
The gnoll is almost dead.
You constrict the gnoll.
You kill the gnoll!
The gnoll hits you from afar with a +0 spear!
The gnoll throws a throwing net.
The throwing net completely misses you. The gnoll closely misses you.
There is an open door here.
You tentacle-slap the gnoll. You grab the gnoll.
The gnoll is lightly wounded.
You constrict the gnoll, but do no damage.
The gnoll hits you with a +0 whip.
You bludgeon the gnoll!
You kill the gnoll!
You tentacle-slap the iguana but do no damage.
You grab the iguana. You constrict the iguana. The gnoll completely misses you.
The iguana bites you!
You tentacle-slap the iguana but do no damage.
You constrict the iguana.
The gnoll hits you from afar with a +0 spear.
* * * LOW HITPOINT WARNING * * *
The iguana bites you.
* * * LOW HITPOINT WARNING * * *
You release your grip on the iguana.
The iguana attacks as you move away! The iguana bites you!
You die...

#....#'##.........#...##
#....#..#.........#...##
#....#..######....######
#....#..##...#....'.....
#....#..##...#....#.....
#....#...#...#....#.....
#....#...#l..#....#.....
#....##.###.g#....#.####
##....#h###g#########
#....#l)#..).#
#....#..gg...#
#....#..#....#
#....'..#....#
#....#..#.(..#
#....######### ######


You could see an iguana and 2 gnolls.

Vanquished Creatures
  Grinder (D:5)
  Sigmund (D:2)
  An ice beast (D:5)
  A phantom (D:4)
  A bullfrog (D:4)
  2 kobold brigands (Sewer)
  3 scorpions
  A howler monkey (D:5)
  2 jellies
  3 hounds
  An orc priest (D:3)
  Ijyb (D:3)
  2 iguanas
  2 adders (D:4)
  6 gnolls
  5 river rats
  3 ufetubi
  4 worms
  4 dart slugs
  8 orcs
  4 ball pythons
  6 bats
  8 endoplasms
  4 giant cockroaches
  10 goblins
  3 hobgoblins
  4 jackals
  13 kobolds
  7 quokkas
  4 frilled lizards (D:1)
  4 rats
119 creatures vanquished.

Vanquished Creatures (others)
  A howler monkey (D:4)
1 creature vanquished.

Grand Total: 120 creatures vanquished

Notes
Turn   | Place    | Note
-------+----------+-------------------------------------------
     0 | D:1      | LeprechaunX the Octopode Shapeshifter began the quest for
                  | the Orb.
     0 | D:1      | Reached XP level 1. HP: 13/13 MP: 1/1
    61 | D:1      | Reached XP level 2. HP: 18/18 MP: 2/2
   166 | D:1      | Found Zyasar's Book Emporium.
   284 | D:1      | Reached XP level 3. HP: 19/23 MP: 3/3
   546 | D:2      | Learned a level 2 spell: Wereblood
   609 | D:2      | Noticed Sigmund
   819 | D:2      | Found a bloodstained altar of Trog.
  1212 | D:2      | Killed Sigmund
  1213 | D:2      | Reached XP level 4. HP: 3/30 MP: 1/4
  1213 | D:2      | Reached XP level 5. HP: 4/35 MP: 1/5
  1450 | D:3      | Noticed Ijyb
  1458 | D:3      | Killed Ijyb
  1459 | D:3      | Reached XP level 6. HP: 7/41 MP: 6/6
  2264 | D:4      | Reached skill level 5 in Unarmed Combat
  2282 | D:4      | Found a glowing drain.
  2439 | Sewer    | Entered a sewer
  2544 | Sewer    | Reached XP level 7. HP: 36/46 MP: 7/7
  2604 | Sewer    | Found a white marble altar of Elyvilon.
  2819 | D:4      | Reached skill level 4 in Shapeshifting
  2973 | D:4      | Found a shimmering blue altar of Sif Muna.
  3245 | D:4      | Identified the amulet of Xom's Fair Game {Acrobat Str+3}
  3376 | D:4      | Reached XP level 8. HP: 29/54 MP: 8/8
  3508 | D:4      | Reached skill level 5 in Shapeshifting
  4134 | D:5      | Entered Level 5 of the Dungeon
  4178 | D:5      | Noticed Grinder
  4181 | D:5      | Paralysed by Grinder for 5 turns
  4282 | D:5      | Paralysed by Grinder for 3 turns
  4288 | D:5      | Killed Grinder
  4289 | D:5      | Reached skill level 6 in Shapeshifting
  4369 | D:5      | Found a shimmering altar of Xom.
  4466 | D:5      | Found a staircase to the Ecumenical Temple.
  4515 | Temple   | Entered the Ecumenical Temple
  4542 | Temple   | Became a worshipper of Hepliaklqana the Forgotten
  4664 | D:5      | Reached skill level 7 in Shapeshifting
  4807 | D:5      | Slain by an iguana

Illustrated notes

Levels and vault maps discovered:
D:1:      minmay_arrival_solitary_statue, layout_rooms, serial_shops,
          nicolae_shop_pleasant_corner_grove, corner_web_ring,
          minmay_split_cup_large
D:2:      layout_basic, basic_altar, minmay_misc_feat_encased, uniq_sigmund
D:3:      layout_rooms, uniq_ijyb
D:4:      minmay_octagon_keep, layout_basic, nicolae_sif_muna_condensation,
          gup_sewer_entry_spiral, nrook_mini_vaults
D:5:      layout_gridville, kennysheep_mini_moat, temple_pool_b, uniq_grinder
Temple:   bh_familiar_temple

Skill      XL: |  1  2  3  4  5  6  7  8 |
---------------+-------------------------+-----
Fighting       | 2 3 4 |  4.0
Dodging        | 3 4 |  4.0
Unarmed Combat | 4 5 6 |  6.0
Shapeshifting  | 4 7 |  7.0

Action                     |  1- 3 |  4- 6 |  7- 9 || total
---------------------------+-------+-------+-------++-------
  Melee: Unarmed           |    73 |    65 |    98 ||   236
         Tentacles         |    10 |    10 |    21 ||    41
         Constrict         |    17 |    17 |    26 ||    60
         Punch             |     2 |     2 |     5 ||     9
  Throw: Javelin           |       |       |     2 ||     2
   Cast: Wereblood         |     1 |       |       ||     1
    Use: Potion            |       |     2 |       ||     2
   Stab: Sleeping          |     5 |     6 |     4 ||    15
         Distracted        |     1 |       |       ||     1
 Armour: Skin              |     9 |     8 |     7 ||    24
  Dodge: Dodged            |    37 |    36 |    58 ||   131

Table legend: (Time is in decaauts)
 A = Elapsed time spent in this place.
 B = Non-inter-level travel time spent in this place.
 C = Inter-level travel time spent in this place.
 D = Time resting spent in this place.
 E = Time spent auto-exploring this place.
 F = Levels seen in this place.
 G = Mean time per level.
                   A        B        C        D        E       F      G
               +--------+--------+--------+--------+--------+-----+--------+
         Total |   4786 |   4352 |    434 |    608 |   2881 |   7 |  683.7 |
       Dungeon |   4470 |   4087 |    383 |    583 |   2711 |   5 |  894.0 |
        Temple |     53 |      2 |     51 |      0 |      0 |   1 |   53.0 |
         Sewer |    262 |    262 |      0 |     25 |    170 |   1 |  262.0 |
               +--------+--------+--------+--------+--------+-----+--------+

Top non-repeatable levels by time:
     D:4: 1786 daAuts
     D:2: 993 daAuts
     D:3: 622 daAuts
     D:5: 547 daAuts
     D:1: 520 daAuts
   Sewer: 262 daAuts
  Temple: 53 daAuts
